AoeStats
← Sommmm

Fortress

509247597Analyzed
3v3 RM · 7d ago on Sep 26, 2026· 36m 21s· 6 players
Game mode
Random Map
Map size
Large (8 player)
Population
200
Speed
Normal
Resources
Standard
Victory
Conquest
Starting age
Dark Age
Ending age
Imperial Age
RankedLock teamsTeams togetherTeam positionsShared explorationLock speedFull tech treeHidden civsTurbo modeCheats
Victory
Defeat
🇦🇷 Slavs · Argentina
790
+14
🇻🇳 Franks · Vietnam
771
+15
🇦🇷 Goths · Argentina
713
+18
🇨🇦 Vietnamese · Canada
803
-17
🇨🇦 Bohemians · Canada
796
-18
🇨🇦 Byzantines · Canada
663
-12
IlDuce.xX82
1:11 Loom
8:11 Feudal Age
9:32 Wheelbarrow
9:16 Double-Bit Axe
14:19 Castle Age
18:14 Forging
19:52 Horse Collar
20:53 Iron Casting
26:46 Pikeman
27:27 Squires
BalduinoH4
8:57 Feudal Age
10:43 Loom
11:41 Double-Bit Axe
15:44 Castle Age
17:26 Bow Saw
19:18 Wheelbarrow
18:29 Town Watch
19:46 Horse Collar
20:08 Gold Mining
21:29 Pikeman
22:10 Squires
22:14 Scale Mail Armor
25:58 Forging
26:05 Chain Mail Armor
27:09 Sanctity
27:31 Hand Cart
28:05 Gold Shaft Mining
31:22 Town Patrol
32:39 Heavy Plow
32:47 Detinets
33:00 Scale Barding Armor
33:35 Stone Mining
36:31 Iron Casting
36:17 Chain Barding Armor
Phước 8 Ngón
6:10 Feudal Age
6:49 Double-Bit Axe
12:30 Castle Age
10:50 Gold Mining
14:55 Bow Saw
19:44 Stone Mining
20:30 Loom
23:18 Wheelbarrow
22:29 Town Watch
23:26 Town Watch
25:51 Hand Cart
25:37 Town Patrol
30:23 Imperial Age
28:04 Scale Mail Armor
28:15 Forging
29:31 Gold Shaft Mining
30:28 Capped Ram
32:02 Iron Casting
31:43 Chain Mail Armor
32:03 Caravan
32:34 Elite Throwing Axeman
33:59 Coinage
34:24 Plate Mail Armor
34:54 Blast Furnace
35:09 Blast Furnace
ODonConfidence
2:57 Loom
9:44 Feudal Age
13:09 Castle Age
11:29 Double-Bit Axe
11:27 Horse Collar
13:43 Town Watch
17:50 Bow Saw
20:40 Padded Archer Armor
20:31 Fletching
21:54 Ballistics
21:42 Gold Mining
22:00 Thumb Ring
22:43 Leather Archer Armor
23:05 Treadmill Crane
24:14 Bodkin Arrow
24:44 Bloodlines
24:51 Husbandry
25:18 Forging
25:15 Scale Barding Armor
26:28 Coinage
26:37 Heavy Plow
29:11 Wheelbarrow
29:13 Chain Barding Armor
33:29 Imperial Age
33:34 Iron Casting
33:14 Elite Skirmisher
34:24 Hand Cart
34:10 Town Patrol
33:38 Heavy Cavalry Archer
34:39 Light Cavalry
36:32 Chemistry
Sommmm
5:17 Loom
8:53 Feudal Age
10:57 Double-Bit Axe
10:58 Horse Collar
13:19 Wheelbarrow
18:14 Castle Age
19:46 Elite Skirmisher
21:39 Hand Cart
23:02 Husbandry
23:16 Bow Saw
25:29 Heavy Plow
28:46 Forging
28:36 Scale Mail Armor
28:37 Padded Archer Armor
28:27 Fletching
28:43 Scale Barding Armor
30:08 Gold Mining
30:09 Stone Mining
delballer
8:14 Feudal Age
17:02 Castle Age
19:24 Double-Bit Axe
19:45 Horse Collar
21:31 Husbandry
30:45 Scale Mail Armor
Connection lost

Rejoining the realm…

Still unreachable

The connection could not be restored.

Session expired

The server has moved on; the page needs a fresh start.